Bruins vs Ducks

Created - 23 septembre 2019 at 15:21

Simulating a Pre-Season

Goals
1 2 3 T
Bruins 0 2 3 5
Ducks 1 1 1 3
Shots
1 2 3 T
Bruins 7 16 17 40
Ducks 11 9 6 26

1st period

1. Ducks , Jordan Staal 1 (Mike Green 2, Craig Smith 1) at 5:05

Penalties :
Jordan Staal (ANA) for Slashing (Minor) at 13:44

2nd period

2. Bruins , Anthony Beauvillier 1 (Ryan Kesler 1) at 16:22
3. Ducks , Phillip Danault 1 (Jordan Staal 1) at 18:56
4. Bruins , Anthony Beauvillier 2 (Jakob Chychrun 1, Zach Redmond 1) at 19:42

Penalties :
Tom Wilson (ANA) for Fighting (Major) at 7:28, Justin Falk (BOS) for Fighting (Major) at 7:28, Cam Fowler (BOS) for Holding Stick (Minor) at 7:45, Mike Green (ANA) for Hooking (Minor) at 10:59

3rd period

5. Bruins , Pat Maroon 1 (Marcus Kruger 1, Anthony Beauvillier 2) at 12:28
6. Ducks , Alexander Edler 1 (Craig Smith 2, Phillip Danault 1) at 14:13
7. Bruins , Ryan Kesler 1 (Anthony Duclair 1) at 18:15
8. Bruins , Sean Monahan 1 (Anthony Mantha 1, Nolan Patrick 1) at 19:52 (Empty Net)

Penalties :
Jordan Staal (ANA) for Roughing (Minor) at 0:41, Tom Wilson (ANA) for Roughing (Minor) at 7:22, Jean-Gabriel Pageau (ANA) for Interference (Minor) at 10:01, Tom Wilson (ANA) for Cross-checking (Minor) at 15:05

Goalie Stats

Juuse Saros (BOS), 23 saves from 26 shots - (0,885), W, 2-0-0, 60:00 minutes
Jacob Markstrom (ANA), 35 saves from 39 shots - (0,897), L, 1-1-0, 59:33 minutes

Players Stats for Bruins

Player Name              G  A  P  +/- PIM S  H  SB GA TA FO     MP     PP MP  PK MP  
------------------------------------------------------------------------------------
Adam Erne                0  0  0   0  0   0  0  0  0  0  0/0     0:27   0:15   0:00 
Anthony Beauvillier      2  1  3   2  0   6  0  1  1  0  0/0    10:12   0:00   0:00 
Anthony Duclair          0  1  1   2  0   4  0  0  0  0  0/0    10:49   0:00   0:34 
Anthony Mantha           0  1  1   1  0   2  3  1  0  1  0/2    23:42   6:29   0:57 
Brady Tkachuk            0  0  0  -2  0   0  3  0  0  1  0/1    17:47   5:10   0:28 
Cam Fowler               0  0  0   1  2   2  2  2  2  1  0/0    29:25   6:50   0:00 
Connor Murphy            0  0  0   1  0   2  0  2  0  1  0/0    29:41   6:38   1:17 
Conor Garland            0  0  0   0  0   0  0  0  0  0  0/1     0:33   0:21   0:00 
Derick Brassard          0  0  0  -2  0   0  0  1  0  0  9/15   17:47   5:10   0:28 
Jakob Chychrun           0  1  1   2  0   0  0  0  0  0  0/0    19:56   5:04   0:42 
Jason Pominville         0  0  0   1  0   1  0  0  1  0  0/0     7:15   0:00   0:00 
Justin Falk              0  0  0  -1  5   1  2  0  0  0  0/0    10:22   0:12   0:00 
Marcus Kruger            0  1  1   1  0   0  1  0  0  0  3/5     7:15   0:00   0:00 
Nolan Patrick            0  1  1   1  0   3  0  1  0  0  0/0    22:59   6:38   0:00 
Ondrej Palat             0  0  0  -2  0   4  1  0  1  1  0/0    17:19   5:10   0:00 
Pat Maroon               1  0  1   1  0   4  1  0  0  0  0/0     7:15   0:00   0:00 
Ryan Kesler              1  1  2   2  0   1  2  0  0  0  5/7    10:47   0:00   0:28 
Sean Monahan             1  0  1   1  0   6  3  1  1  0  16/36  23:51   6:29   1:03 
Xavier Ouellet           0  0  0  -1  0   1  2  0  0  0  0/0    10:44   0:00   1:17 
Zach Redmond             0  1  1   2  0   3  1  0  0  0  0/0    19:53   5:04   0:42 

Players Stats for Ducks

Player Name              G  A  P  +/- PIM S  H  SB GA TA FO     MP     PP MP  PK MP  
------------------------------------------------------------------------------------
Alexander Edler          1  0  1  -1  0   1  1  2  0  1  0/0    26:38   1:00   6:29 
Andreas Englund          0  0  0  -1  0   0  0  0  0  0  0/0     0:52   0:00   0:00 
Connor Carrick           0  0  0   0  0   0  0  0  0  0  0/0     4:13   0:00   0:00 
Craig Smith              0  2  2   1  0   1  1  1  1  0  0/2    17:48   0:52   2:37 
David Perron             0  0  0  -1  0   0  2  0  1  0  0/2    23:33   1:07   5:27 
Deryk Engelland          0  0  0  -1  0   1  1  1  0  0  0/0    19:39   0:59   5:21 
Elias Lindholm           0  0  0  -2  0   3  0  1  0  1  19/28  26:19   1:08   6:06 
Jack Johnson             0  0  0  -1  0   2  0  3  0  0  0/0    26:38   1:00   6:23 
Jean-Gabriel Pageau      0  0  0  -1  2   4  0  0  2  0  5/7    13:35   0:49   0:00 
Jordan Staal             1  1  2   0  4   1  1  3  0  2  6/15   21:13   0:42   4:11 
Maxime Lajoie            0  0  0   0  0   0  0  0  0  0  0/0     4:13   0:00   0:00 
Mike Green               0  1  1   1  2   0  0  0  0  1  0/0     8:29   0:00   0:00 
Milan Lucic              0  0  0  -1  0   3  2  0  0  0  1/1    13:27   0:25   0:40 
Nick Leddy               0  0  0  -1  0   0  0  1  1  0  0/0    19:39   0:59   5:21 
Phillip Danault          1  1  2   1  0   3  1  1  0  0  0/0    14:31   0:42   0:00 
Riley Nash               0  0  0  -1  0   2  1  0  0  0  2/3    16:03   0:00   4:08 
Scott Mayfield           0  0  0   1  0   1  0  0  0  0  0/0     8:28   0:00   0:00 
Tom Wilson               0  0  0  -1  9   4  4  0  0  1  0/1    17:15   0:00   0:39 
Trevor Lewis             0  0  0  -1  0   0  0  0  0  0  1/8     4:19   0:12   0:05 
William Borgen           0  0  0  -1  0   0  0  0  0  0  0/0     1:12   0:00   0:14 

3 Stars

1 - Anthony Beauvillier (BOS)
2 - Ryan Kesler (BOS)
3 - Sean Monahan (BOS)

Power Play

Bruins - 0 on 6 Attempt(s) - 0,00%
Ducks - 0 on 1 Attempt(s) - 0,00%

Penalty Kill

Bruins - 1 on 1 Attempt(s) - 100,00% - Score 0 goal in Penalty Kill
Ducks - 6 on 6 Attempt(s) - 100,00% - Score 0 goal in Penalty Kill

Team Stat

Bruins - Hits : 21 - Faceoff Wins : 33 - Blocked Shots : 9 - Penalty Minutes : 7
Ducks - Hits : 14 - Faceoff Wins : 34 - Blocked Shots : 13 - Penalty Minutes : 17

Official

Referees : Francois StLaurent and Justin StPierre
Linesman : Lonnie Cameron and Brad Kovachik

Game Notes

Tom Wilson and Justin Falk fight to a draw at 7:28 of 2nd period
Sean Monahan has scored in a empty net!

Bruins

5 vs 5 Forward 
   Center                   Left Wing                Right Wing               Time % Phy DF OF 
 1 Sean Monahan             Anthony Mantha           Nolan Patrick            40     1   2  2  
 2 Derick Brassard          Brady Tkachuk            Ondrej Palat             30     1   2  2  
 3 Ryan Kesler              Anthony Duclair          Anthony Beauvillier      20     1   2  2  
 4 Marcus Kruger            Pat Maroon               Jason Pominville         10     1   2  2  

5 vs 5 Defense 
   Defense                  Defense                                           Time % Phy DF OF 
 1 Cam Fowler               Connor Murphy                                     40     1   2  2  
 2 Jakob Chychrun           Zach Redmond                                      30     1   2  2  
 3 Justin Falk              Xavier Ouellet                                    20     1   2  2  
 4 Cam Fowler               Connor Murphy                                     10     1   2  2  

PowerPlay Forward 
   Center                   Left Wing                Right Wing               Time % Phy DF OF 
 1 Sean Monahan             Anthony Mantha           Nolan Patrick            60     1   2  2  
 2 Derick Brassard          Brady Tkachuk            Ondrej Palat             40     1   2  2  

PowerPlay Defense
   Defense                  Defense                                           Time % Phy DF OF 
 1 Cam Fowler               Connor Murphy                                     60     1   2  2  
 2 Jakob Chychrun           Zach Redmond                                      40     1   2  2  

Penalty Kill 4 Players Forward 
   Center                   Wing                     Time % Phy DF OF 
 1 Sean Monahan             Anthony Mantha           60     1   2  2  
 2 Brady Tkachuk            Derick Brassard          40     1   2  2  

Penalty Kill 4 Players Defense
   Defense                  Defense                  Time % Phy DF OF 
 1 Cam Fowler               Connor Murphy            60     1   2  2  
 2 Jakob Chychrun           Zach Redmond             40     1   2  2  

Penalty Kill - 3 Players Forward 
   Forward                                           Time % Phy DF OF 
 1 Sean Monahan                                      60     1   2  2  
 2 Anthony Mantha                                    40     1   2  2  

Penalty Kill - 3 Players Defense
   Defense                  Defense                  Time % Phy DF OF 
 1 Cam Fowler               Connor Murphy            60     1   2  2  
 2 Jakob Chychrun           Zach Redmond             40     1   2  2  

4 vs 4 Forward 
   Center                   Wing                     Time % Phy DF OF 
 1 Sean Monahan             Anthony Mantha           60     1   2  2  
 2 Brady Tkachuk            Derick Brassard          40     1   2  2  

4 vs 4 Defense
   Defense                  Defense                  Time % Phy DF OF 
 1 Cam Fowler               Connor Murphy            60     1   2  2  
 2 Jakob Chychrun           Zach Redmond             40     1   2  2  

Last Minutes Offensive
   Center                   Left Wing                Right Wing               Defense                  Defense                  
   Sean Monahan             Anthony Mantha           Nolan Patrick            Cam Fowler               Connor Murphy            

Last Minutes Defensive
   Center                   Left Wing                Right Wing               Defense                  Defense                  
   Sean Monahan             Anthony Mantha           Nolan Patrick            Cam Fowler               Connor Murphy            

Goaltenders
Starting : Juuse Saros              
Backup : Cam Talbot               

Extra Forwards
Normal : Conor Garland, Adam Erne, Ryan Kesler - PP : Conor Garland, Adam Erne - PK : Ryan Kesler
Extra Defensemen
Normal : Justin Falk, Xavier Ouellet, Jakob Chychrun - PP : Justin Falk - PK : Xavier Ouellet, Jakob Chychrun
Penalty Shots
Sean Monahan, Anthony Mantha, Brady Tkachuk, Derick Brassard, Nolan Patrick
Custom OT Lines Forwards
Sean Monahan, Anthony Mantha, Brady Tkachuk, Derick Brassard, Nolan Patrick, Ondrej Palat, Ryan Kesler, Anthony Duclair, Anthony Beauvillier, Pat Maroon
Custom OT Lines Defensemen
Cam Fowler, Connor Murphy, Jakob Chychrun, Zach Redmond, Justin Falk

Scratches
Charles Hudon (Healthy), Zack Mitchell (Healthy), Maxime Comtois (Healthy), Haydn Fleury (Healthy), Brendan Lemieux (Healthy)
Joel Edmundson (Bruised Right Foot Injury), Ryan Bourque (Healthy)

Ducks

5 vs 5 Forward 
   Center                   Left Wing                Right Wing               Time % Phy DF OF 
 1 Elias Lindholm           David Perron             Tom Wilson               40     1   2  2  
 2 Jordan Staal             Phillip Danault          Craig Smith              30     1   2  2  
 3 Jean-Gabriel Pageau      Milan Lucic              Riley Nash               20     1   2  2  
 4 Trevor Lewis             Elias Lindholm           Jordan Staal             10     1   2  2  

5 vs 5 Defense 
   Defense                  Defense                                           Time % Phy DF OF 
 1 Alexander Edler          Jack Johnson                                      40     1   2  2  
 2 Deryk Engelland          Nick Leddy                                        30     1   2  2  
 3 Mike Green               Scott Mayfield                                    20     1   2  2  
 4 Maxime Lajoie            Connor Carrick                                    10     1   2  2  

PowerPlay Forward 
   Center                   Left Wing                Right Wing               Time % Phy DF OF 
 1 Elias Lindholm           David Perron             Tom Wilson               60     1   2  2  
 2 Jordan Staal             Phillip Danault          Craig Smith              40     1   2  2  

PowerPlay Defense
   Defense                  Defense                                           Time % Phy DF OF 
 1 Alexander Edler          Jack Johnson                                      60     1   2  2  
 2 Deryk Engelland          Nick Leddy                                        40     1   2  2  

Penalty Kill 4 Players Forward 
   Center                   Wing                     Time % Phy DF OF 
 1 Elias Lindholm           Jordan Staal             60     1   2  2  
 2 Tom Wilson               David Perron             40     1   2  2  

Penalty Kill 4 Players Defense
   Defense                  Defense                  Time % Phy DF OF 
 1 Alexander Edler          Jack Johnson             60     1   2  2  
 2 Deryk Engelland          Nick Leddy               40     1   2  2  

Penalty Kill - 3 Players Forward 
   Forward                                           Time % Phy DF OF 
 1 Elias Lindholm                                    60     1   2  2  
 2 Jordan Staal                                      40     1   2  2  

Penalty Kill - 3 Players Defense
   Defense                  Defense                  Time % Phy DF OF 
 1 Alexander Edler          Jack Johnson             60     1   2  2  
 2 Deryk Engelland          Nick Leddy               40     1   2  2  

4 vs 4 Forward 
   Center                   Wing                     Time % Phy DF OF 
 1 Elias Lindholm           Jordan Staal             60     1   2  2  
 2 Tom Wilson               David Perron             40     1   2  2  

4 vs 4 Defense
   Defense                  Defense                  Time % Phy DF OF 
 1 Alexander Edler          Jack Johnson             60     1   2  2  
 2 Deryk Engelland          Nick Leddy               40     1   2  2  

Last Minutes Offensive
   Center                   Left Wing                Right Wing               Defense                  Defense                  
   Elias Lindholm           David Perron             Tom Wilson               Alexander Edler          Jack Johnson             

Last Minutes Defensive
   Center                   Left Wing                Right Wing               Defense                  Defense                  
   Elias Lindholm           David Perron             Tom Wilson               Alexander Edler          Jack Johnson             

Goaltenders
Starting : Jacob Markstrom          
Backup : Cal Petersen             

Extra Forwards
Normal : Jean-Gabriel Pageau, Milan Lucic, Riley Nash - PP : Jean-Gabriel Pageau, Milan Lucic - PK : Riley Nash
Extra Defensemen
Normal : Andreas Englund, William Borgen, Mike Green - PP : Andreas Englund - PK : William Borgen, Mike Green
Penalty Shots
Elias Lindholm, Jordan Staal, Tom Wilson, David Perron, Phillip Danault
Custom OT Lines Forwards
Elias Lindholm, Jordan Staal, Tom Wilson, David Perron, Phillip Danault, Craig Smith, Jean-Gabriel Pageau, Milan Lucic, Riley Nash, Trevor Lewis
Custom OT Lines Defensemen
Alexander Edler, Jack Johnson, Deryk Engelland, Nick Leddy, Mike Green

Scratches
Patrik Laine (Healthy), Ryan Dmowski (Healthy)

% Time on Ice - Bruins

Lines # - Real PCT - Wanted PCT - Time Play
Normal Forward
1 - 34% - 40% - 15:35
2 - 27% - 30% - 12:09
3 - 23% - 20% - 10:12
4 - 16% - 10% - 7:15
Normal Defense
1 - 44% - 40% - 19:55
2 - 31% - 30% - 13:58
3 - 21% - 20% - 9:27
4 - 4% - 10% - 1:51
PP Forward
1 - 57% - 60% - 6:44
2 - 43% - 40% - 5:10
PP Defense
1 - 57% - 60% - 6:50
2 - 43% - 40% - 5:04
PK Forward
1 - 76% - 60% - 1:31
2 - 24% - 40% - 0:28
PK Defense
1 - 72% - 60% - 1:26
2 - 28% - 40% - 0:33
PK3 Forward
1 - 0% - 60%
2 - 0% - 40%
PK3 Defense
1 - 0% - 60%
2 - 0% - 40%
44 Forward
1 - 0% - 60%
2 - 0% - 40%
44 Defense
1 - 0% - 60%
2 - 0% - 40%
Last Minute Offensive  - 0:00
Last Minute Defensive  - 0:56
Total
Forward - 60:00
Defense - 60:00

% Time on Ice - Ducks

Lines # - Real PCT - Wanted PCT - Time Play
Normal Forward
1 - 38% - 40% - 17:11
2 - 31% - 30% - 14:10
3 - 25% - 20% - 11:29
4 - 5% - 10% - 2:25
Normal Defense
1 - 43% - 40% - 19:15
2 - 29% - 30% - 13:19
3 - 19% - 20% - 8:28
4 - 9% - 10% - 4:13
PP Forward
1 - 65% - 60% - 1:17
2 - 35% - 40% - 0:42
PP Defense
1 - 50% - 60% - 1:00
2 - 50% - 40% - 0:59
PK Forward
1 - 75% - 60% - 8:55
2 - 25% - 40% - 2:59
PK Defense
1 - 55% - 60% - 6:33
2 - 45% - 40% - 5:21
PK3 Forward
1 - 0% - 60%
2 - 0% - 40%
PK3 Defense
1 - 0% - 60%
2 - 0% - 40%
44 Forward
1 - 0% - 60%
2 - 0% - 40%
44 Defense
1 - 0% - 60%
2 - 0% - 40%
Last Minute Offensive  - 0:52
Last Minute Defensive  - 0:00
Total
Forward - 60:00
Defense - 60:00

Play-by-Play

1st period


0:01 of 1st period - Sean Monahan wins face-off versus Elias Lindholm in neutral zone.
2:44 of 1st period - Snap shot by Brady Tkachuk.
2:44 of 1st period - Shot Misses the Net.
3:02 of 1st period - Wrist shot by Pat Maroon.
3:02 of 1st period - Stopped by Jacob Markstrom without a rebound.
3:03 of 1st period - Sean Monahan wins face-off versus Elias Lindholm in Ducks zone.
3:08 of 1st period - Snap shot by Anthony Mantha.
3:08 of 1st period - Stopped by Jacob Markstrom without a rebound.
3:09 of 1st period - Jordan Staal wins face-off versus Anthony Mantha in Ducks zone.
3:24 of 1st period - Wrist shot by Anthony Mantha.
3:24 of 1st period - Shot Blocked by Jordan Staal.
4:08 of 1st period - Snap shot by Jason Pominville.
4:08 of 1st period - Deflect By Pat Maroon.
4:08 of 1st period - Shot Misses the Net.
4:08 of 1st period - Puck is out of play.
4:09 of 1st period - Sean Monahan wins face-off versus Trevor Lewis in Ducks zone.
5:03 of 1st period - Snap shot by Craig Smith.
5:03 of 1st period - Shot Misses the Net.
5:05 of 1st period - Slapshot by Mike Green.
5:05 of 1st period - Deflect By Jordan Staal.
5:05 of 1st period - Goal by Jordan Staal - Bruins : 0 - Ducks : 1.
5:06 of 1st period - Sean Monahan wins face-off versus Elias Lindholm in neutral zone.
6:04 of 1st period - Wrist shot by Milan Lucic.
6:04 of 1st period - Stopped by Juuse Saros with a rebound.
6:07 of 1st period - Icing by Jakob Chychrun.
6:08 of 1st period - Elias Lindholm wins face-off versus Ryan Kesler in Bruins zone.
6:17 of 1st period - Snap shot by Elias Lindholm.
6:17 of 1st period - Deflect By David Perron.
6:17 of 1st period - Shot Misses the Net.
6:17 of 1st period - Puck is out of play.
6:18 of 1st period - Elias Lindholm wins face-off versus Sean Monahan in Bruins zone.
7:08 of 1st period - Slapshot by Milan Lucic.
7:08 of 1st period - Stopped by Juuse Saros without a rebound.
7:09 of 1st period - Sean Monahan wins face-off versus Jean-Gabriel Pageau in Bruins zone.
7:34 of 1st period - Nick Leddy is hit by Marcus Kruger and loses puck.
7:55 of 1st period - Alexander Edler is hit by Justin Falk and loses puck.
9:26 of 1st period - Snap shot by Elias Lindholm.
9:26 of 1st period - Stopped by Juuse Saros without a rebound.
9:27 of 1st period - Sean Monahan wins face-off versus Jordan Staal in Bruins zone.
9:36 of 1st period - Wrist shot by Sean Monahan.
9:36 of 1st period - Shot Misses the Net.
10:03 of 1st period - Snap shot by Anthony Mantha.
10:03 of 1st period - Shot Misses the Net.
10:09 of 1st period - Alexander Edler is hit by Anthony Mantha and loses puck.
10:16 of 1st period - Jean-Gabriel Pageau is hit by Anthony Mantha and loses puck.
10:33 of 1st period - Wrist shot by Milan Lucic.
10:33 of 1st period - Stopped by Juuse Saros with a rebound.
10:41 of 1st period - Slapshot by Jean-Gabriel Pageau.
10:41 of 1st period - Deflect By Riley Nash.
10:41 of 1st period - Stopped by Juuse Saros without a rebound.
10:42 of 1st period - Derick Brassard wins face-off versus Jordan Staal in Bruins zone.
10:51 of 1st period - Slapshot by Craig Smith.
10:51 of 1st period - Deflect By Phillip Danault.
10:51 of 1st period - Stopped by Juuse Saros with a rebound.
10:53 of 1st period - Backhand shot by Scott Mayfield.
10:53 of 1st period - Stopped by Juuse Saros without a rebound.
10:54 of 1st period - Elias Lindholm wins face-off versus Ryan Kesler in Bruins zone.
11:09 of 1st period - Slapshot by Anthony Beauvillier.
11:09 of 1st period - Stopped by Jacob Markstrom without a rebound.
11:10 of 1st period - Jordan Staal wins face-off versus Derick Brassard in Ducks zone.
11:17 of 1st period - Wrist shot by Ondrej Palat.
11:17 of 1st period - Shot Blocked by Phillip Danault.
11:19 of 1st period - Snap shot by Connor Murphy.
11:19 of 1st period - Shot Blocked by Craig Smith.
11:35 of 1st period - Connor Murphy is hit by Tom Wilson and loses puck.
12:17 of 1st period - Xavier Ouellet is hit by Jordan Staal and loses puck.
13:09 of 1st period - Backhand shot by Jason Pominville.
13:09 of 1st period - Shot Misses the Net.
13:11 of 1st period - Slapshot by Pat Maroon.
13:11 of 1st period - Stopped by Jacob Markstrom without a rebound.
13:12 of 1st period - Sean Monahan wins face-off versus David Perron in Ducks zone.
13:25 of 1st period - Snap shot by Sean Monahan.
13:25 of 1st period - Stopped by Jacob Markstrom without a rebound.
13:26 of 1st period - Jordan Staal wins face-off versus Sean Monahan in Ducks zone.
13:44 of 1st period - Minor Penalty to Jordan Staal for Slashing.
13:45 of 1st period - Elias Lindholm wins face-off versus Sean Monahan in Ducks zone.
14:49 of 1st period - Craig Smith is hit by Zach Redmond and loses puck.
15:44 of 1st period - Penalty to Jordan Staal is over, Jordan Staal is back on ice.
16:48 of 1st period - Wrist shot by Ondrej Palat.
16:48 of 1st period - Deflect By Brady Tkachuk.
16:48 of 1st period - Shot Misses the Net.
16:48 of 1st period - Puck is out of play.
16:49 of 1st period - Riley Nash wins face-off versus Derick Brassard in Ducks zone.
17:11 of 1st period - Slapshot by Anthony Mantha.
17:11 of 1st period - Deflect By Nolan Patrick.
17:11 of 1st period - Shot Blocked by Jack Johnson.
17:11 of 1st period - Puck is out of play.
17:12 of 1st period - Sean Monahan wins face-off versus Craig Smith in Ducks zone.
17:13 of 1st period - Snap shot by Anthony Mantha.
17:13 of 1st period - Stopped by Jacob Markstrom with a rebound.
17:23 of 1st period - Zach Redmond is hit by Craig Smith and loses puck.
17:38 of 1st period - Wrist shot by Craig Smith.
17:38 of 1st period - Shot Blocked by Anthony Mantha.
17:40 of 1st period - Wrist shot by Alexander Edler.
17:40 of 1st period - Shot Blocked by Nolan Patrick.
17:42 of 1st period - Snap shot by Jack Johnson.
17:42 of 1st period - Deflect By Sean Monahan.
17:42 of 1st period - Stopped by Juuse Saros with a rebound.
17:44 of 1st period - Wrist shot by Craig Smith.
17:44 of 1st period - Stopped by Juuse Saros without a rebound.
17:45 of 1st period - Elias Lindholm wins face-off versus Derick Brassard in Bruins zone.
18:12 of 1st period - Milan Lucic is hit by Cam Fowler and loses puck.
18:23 of 1st period - Wrist shot by Jean-Gabriel Pageau.
18:23 of 1st period - Stopped by Juuse Saros with a rebound.
18:39 of 1st period - Wrist shot by Anthony Mantha.
18:39 of 1st period - Shot Misses the Net.
18:41 of 1st period - Wrist shot by Cam Fowler.
18:41 of 1st period - Deflect By Phillip Danault.
18:41 of 1st period - Stopped by Jacob Markstrom with a rebound.
19:18 of 1st period - Icing by Nick Leddy.
19:19 of 1st period - Milan Lucic wins face-off versus Derick Brassard in Ducks zone.
19:33 of 1st period - Snap shot by Jean-Gabriel Pageau.
19:33 of 1st period - Deflect By Milan Lucic.
19:33 of 1st period - Shot Blocked by Derick Brassard.
19:33 of 1st period - Puck is out of play.
19:34 of 1st period - Elias Lindholm wins face-off versus Sean Monahan in Bruins zone.
19:47 of 1st period - Wrist shot by Nolan Patrick.
19:47 of 1st period - Shot Blocked by Alexander Edler.
Goals for this period are 0 for Bruins vs 1 for Ducks.
Shots for this period are 7 for Bruins vs 11 for Ducks.

2nd period


0:01 of 2nd period - Sean Monahan wins face-off versus Elias Lindholm in neutral zone.
1:00 of 2nd period - Wrist shot by Jean-Gabriel Pageau.
1:00 of 2nd period - Shot Misses the Net.
2:10 of 2nd period - Jordan Staal is hit by Xavier Ouellet and loses puck.
2:31 of 2nd period - Slapshot by Anthony Beauvillier.
2:31 of 2nd period - Stopped by Jacob Markstrom with a rebound.
2:39 of 2nd period - Wrist shot by Ryan Kesler.
2:39 of 2nd period - Shot Blocked by Elias Lindholm.
2:55 of 2nd period - Jordan Staal is hit by Brady Tkachuk and loses puck.
3:33 of 2nd period - Snap shot by Sean Monahan.
3:33 of 2nd period - Stopped by Jacob Markstrom without a rebound.
3:34 of 2nd period - Sean Monahan wins face-off versus Trevor Lewis in Ducks zone.
3:37 of 2nd period - Snap shot by Nolan Patrick.
3:37 of 2nd period - Stopped by Jacob Markstrom without a rebound.
3:38 of 2nd period - Sean Monahan wins face-off versus Trevor Lewis in Ducks zone.
4:02 of 2nd period - Icing by Craig Smith.
4:03 of 2nd period - Derick Brassard wins face-off versus Trevor Lewis in Ducks zone.
4:14 of 2nd period - Wrist shot by Ondrej Palat.
4:14 of 2nd period - Stopped by Jacob Markstrom without a rebound.
4:15 of 2nd period - Elias Lindholm wins face-off versus Sean Monahan in Ducks zone.
4:22 of 2nd period - Wrist shot by Tom Wilson.
4:22 of 2nd period - Stopped by Juuse Saros without a rebound.
4:23 of 2nd period - Sean Monahan wins face-off versus Tom Wilson in Bruins zone.
4:43 of 2nd period - Wrist shot by Sean Monahan.
4:43 of 2nd period - Shot Misses the Net.
4:57 of 2nd period - Wrist shot by Sean Monahan.
4:57 of 2nd period - Stopped by Jacob Markstrom without a rebound.
4:58 of 2nd period - Derick Brassard wins face-off versus Jordan Staal in Ducks zone.
5:05 of 2nd period - Snap shot by Ondrej Palat.
5:05 of 2nd period - Stopped by Jacob Markstrom with a rebound.
5:07 of 2nd period - Snap shot by Zach Redmond.
5:07 of 2nd period - Stopped by Jacob Markstrom with a rebound.
5:50 of 2nd period - Zach Redmond is hit by Tom Wilson and loses puck.
6:37 of 2nd period - Brady Tkachuk is hit by David Perron and loses puck.
6:48 of 2nd period - Snap shot by Phillip Danault.
6:48 of 2nd period - Shot Misses the Net.
6:55 of 2nd period - Icing by Connor Murphy.
6:56 of 2nd period - Jean-Gabriel Pageau wins face-off versus Marcus Kruger in Bruins zone.
6:57 of 2nd period - Snap shot by Riley Nash.
6:57 of 2nd period - Stopped by Juuse Saros without a rebound.
6:58 of 2nd period - Jean-Gabriel Pageau wins face-off versus Marcus Kruger in Bruins zone.
7:25 of 2nd period - Wrist shot by Tom Wilson.
7:25 of 2nd period - Stopped by Juuse Saros without a rebound.
7:26 of 2nd period - Elias Lindholm wins face-off versus Sean Monahan in Bruins zone.
7:28 of 2nd period - Tom Wilson and Justin Falk fight to a draw.
7:28 of 2nd period - Penalty to Tom Wilson for Fighting.
7:28 of 2nd period - Penalty to Justin Falk for Fighting.
7:29 of 2nd period - Jean-Gabriel Pageau wins face-off versus Sean Monahan in Bruins zone.
7:45 of 2nd period - Minor Penalty to Cam Fowler for Holding Stick.
7:46 of 2nd period - Jean-Gabriel Pageau wins face-off versus Anthony Mantha in Bruins zone.
7:50 of 2nd period - Snap shot by Elias Lindholm.
7:50 of 2nd period - Shot Misses the Net.
8:34 of 2nd period - Elias Lindholm is hit by Xavier Ouellet and loses puck.
9:45 of 2nd period - Penalty to Cam Fowler is over, Cam Fowler is back on ice.
9:53 of 2nd period - Slapshot by Zach Redmond.
9:53 of 2nd period - Stopped by Jacob Markstrom without a rebound.
9:54 of 2nd period - Marcus Kruger wins face-off versus Jean-Gabriel Pageau in Ducks zone.
10:12 of 2nd period - Icing by Connor Murphy.
10:13 of 2nd period - Marcus Kruger wins face-off versus Jordan Staal in Bruins zone.
10:41 of 2nd period - Snap shot by Sean Monahan.
10:41 of 2nd period - Shot Misses the Net.
10:43 of 2nd period - Snap shot by Connor Murphy.
10:43 of 2nd period - Stopped by Jacob Markstrom with a rebound.
10:49 of 2nd period - Wrist shot by Anthony Mantha.
10:49 of 2nd period - Shot Misses the Net.
10:59 of 2nd period - Minor Penalty to Mike Green for Hooking.
11:00 of 2nd period - Elias Lindholm wins face-off versus Sean Monahan in Ducks zone.
12:28 of 2nd period - Penalty to Tom Wilson is over, Tom Wilson is back on ice.
12:38 of 2nd period - Ondrej Palat is hit by Alexander Edler.
12:59 of 2nd period - Penalty to Mike Green is over, Mike Green is back on ice.
13:08 of 2nd period - Wrist shot by Jean-Gabriel Pageau.
13:08 of 2nd period - Stopped by Juuse Saros with a rebound.
13:39 of 2nd period - Milan Lucic is hit by Justin Falk and loses puck.
13:57 of 2nd period - Icing by Jakob Chychrun.
13:58 of 2nd period - Derick Brassard wins face-off versus Elias Lindholm in Bruins zone.
13:58 of 2nd period - Derick Brassard is hit by David Perron.
14:49 of 2nd period - Jack Johnson is hit by Brady Tkachuk and loses puck.
15:10 of 2nd period - Xavier Ouellet is hit by Tom Wilson and loses puck.
15:29 of 2nd period - Maxime Lajoie is hit by Pat Maroon and loses puck.
16:04 of 2nd period - Slapshot by Alexander Edler.
16:04 of 2nd period - Shot Blocked by Connor Murphy.
16:18 of 2nd period - Slapshot by Anthony Beauvillier.
16:18 of 2nd period - Stopped by Jacob Markstrom without a rebound.
16:19 of 2nd period - Ryan Kesler wins face-off versus Trevor Lewis in Ducks zone.
16:20 of 2nd period - Snap shot by Anthony Duclair.
16:20 of 2nd period - Stopped by Jacob Markstrom without a rebound.
16:21 of 2nd period - Ryan Kesler wins face-off versus Trevor Lewis in Ducks zone.
16:22 of 2nd period - Snap shot by Anthony Beauvillier.
16:22 of 2nd period - Goal by Anthony Beauvillier - Bruins : 1 - Ducks : 1.
16:23 of 2nd period - Elias Lindholm wins face-off versus Sean Monahan in neutral zone.
16:30 of 2nd period - Snap shot by David Perron.
16:30 of 2nd period - Shot Misses the Net.
16:38 of 2nd period - Snap shot by Elias Lindholm.
16:38 of 2nd period - Shot Blocked by Cam Fowler.
16:40 of 2nd period - Wrist shot by Tom Wilson.
16:40 of 2nd period - Stopped by Juuse Saros with a rebound.
16:59 of 2nd period - Snap shot by Ondrej Palat.
16:59 of 2nd period - Shot Blocked by Jordan Staal.
17:01 of 2nd period - Snap shot by Connor Murphy.
17:01 of 2nd period - Shot Misses the Net.
17:15 of 2nd period - Deryk Engelland is hit by Ryan Kesler.
17:54 of 2nd period - Wrist shot by Anthony Mantha.
17:54 of 2nd period - Shot Misses the Net.
17:56 of 2nd period - Slapshot by Anthony Mantha.
17:56 of 2nd period - Shot Misses the Net.
17:58 of 2nd period - Slapshot by Xavier Ouellet.
17:58 of 2nd period - Stopped by Jacob Markstrom with a rebound.
18:00 of 2nd period - Slapshot by Justin Falk.
18:00 of 2nd period - Stopped by Jacob Markstrom without a rebound.
18:01 of 2nd period - Riley Nash wins face-off versus Derick Brassard in Ducks zone.
18:12 of 2nd period - Slapshot by Jean-Gabriel Pageau.
18:12 of 2nd period - Stopped by Juuse Saros without a rebound.
18:13 of 2nd period - Sean Monahan wins face-off versus David Perron in Bruins zone.
18:40 of 2nd period - Derick Brassard is hit by Riley Nash and loses puck.
18:45 of 2nd period - Slapshot by Jean-Gabriel Pageau.
18:45 of 2nd period - Shot Blocked by Connor Murphy.
18:47 of 2nd period - Wrist shot by Jean-Gabriel Pageau.
18:47 of 2nd period - Stopped by Juuse Saros without a rebound.
18:48 of 2nd period - Derick Brassard wins face-off versus Jordan Staal in Bruins zone.
18:56 of 2nd period - Snap shot by Phillip Danault.
18:56 of 2nd period - Goal by Phillip Danault - Bruins : 1 - Ducks : 2.
18:57 of 2nd period - Sean Monahan wins face-off versus Elias Lindholm in neutral zone.
19:28 of 2nd period - Wrist shot by Phillip Danault.
19:28 of 2nd period - Stopped by Juuse Saros without a rebound.
19:29 of 2nd period - Ryan Kesler wins face-off versus Jordan Staal in Bruins zone.
19:34 of 2nd period - Wrist shot by Anthony Duclair.
19:34 of 2nd period - Shot Misses the Net.
19:36 of 2nd period - Slapshot by Zach Redmond.
19:36 of 2nd period - Stopped by Jacob Markstrom with a rebound.
19:38 of 2nd period - Slapshot by Jakob Chychrun.
19:38 of 2nd period - Shot Blocked by Deryk Engelland.
19:40 of 2nd period - Snap shot by Anthony Beauvillier.
19:40 of 2nd period - Shot Blocked by Nick Leddy.
19:42 of 2nd period - Slapshot by Jakob Chychrun.
19:42 of 2nd period - Deflect By Anthony Beauvillier.
19:42 of 2nd period - Goal by Anthony Beauvillier - Bruins : 2 - Ducks : 2.
19:43 of 2nd period - Elias Lindholm wins face-off versus Sean Monahan in neutral zone.
19:54 of 2nd period - Jack Johnson is hit by Anthony Mantha.
Goals for this period are 2 for Bruins vs 1 for Ducks.
Shots for this period are 16 for Bruins vs 9 for Ducks.

3rd period


0:01 of 3rd period - Sean Monahan wins face-off versus Elias Lindholm in neutral zone.
0:04 of 3rd period - Snap shot by Nolan Patrick.
0:04 of 3rd period - Stopped by Jacob Markstrom with a rebound.
0:06 of 3rd period - Slapshot by Connor Murphy.
0:06 of 3rd period - Stopped by Jacob Markstrom with a rebound.
0:41 of 3rd period - Minor Penalty to Jordan Staal for Roughing.
0:42 of 3rd period - Elias Lindholm wins face-off versus Sean Monahan in Ducks zone.
2:41 of 3rd period - Penalty to Jordan Staal is over, Jordan Staal is back on ice.
2:43 of 3rd period - Slapshot by Nick Leddy.
2:43 of 3rd period - Shot Blocked by Anthony Beauvillier.
2:45 of 3rd period - Slapshot by Trevor Lewis.
2:45 of 3rd period - Shot Misses the Net.
2:59 of 3rd period - Anthony Beauvillier is hit by Milan Lucic and loses puck.
3:28 of 3rd period - Off-side.
3:29 of 3rd period - Marcus Kruger wins face-off versus Elias Lindholm in neutral zone.
3:36 of 3rd period - Snap shot by Jason Pominville.
3:36 of 3rd period - Shot Misses the Net.
3:38 of 3rd period - Wrist shot by Jason Pominville.
3:38 of 3rd period - Shot Misses the Net.
3:40 of 3rd period - Snap shot by Pat Maroon.
3:40 of 3rd period - Stopped by Jacob Markstrom with a rebound.
3:42 of 3rd period - Snap shot by Marcus Kruger.
3:42 of 3rd period - Shot Misses the Net.
3:44 of 3rd period - Snap shot by Jason Pominville.
3:44 of 3rd period - Stopped by Jacob Markstrom without a rebound.
3:45 of 3rd period - Jordan Staal wins face-off versus Sean Monahan in Ducks zone.
3:45 of 3rd period - Jordan Staal is hit by Sean Monahan.
3:51 of 3rd period - Sean Monahan is hit by Phillip Danault and loses puck.
4:10 of 3rd period - Elias Lindholm is hit by Ondrej Palat and loses puck.
4:29 of 3rd period - Snap shot by Jean-Gabriel Pageau.
4:29 of 3rd period - Shot Misses the Net.
6:15 of 3rd period - Icing by Cam Fowler.
6:16 of 3rd period - Elias Lindholm wins face-off versus Sean Monahan in Bruins zone.
6:45 of 3rd period - Wrist shot by Craig Smith.
6:45 of 3rd period - Deflect By Jordan Staal.
6:45 of 3rd period - Shot Misses the Net.
6:45 of 3rd period - Puck is out of play.
6:46 of 3rd period - Derick Brassard wins face-off versus Jordan Staal in Bruins zone.
7:22 of 3rd period - Minor Penalty to Tom Wilson for Roughing.
7:23 of 3rd period - Sean Monahan wins face-off versus Elias Lindholm in Ducks zone.
7:25 of 3rd period - Slapshot by Anthony Mantha.
7:25 of 3rd period - Shot Misses the Net.
7:27 of 3rd period - Snap shot by Sean Monahan.
7:27 of 3rd period - Shot Misses the Net.
7:29 of 3rd period - Snap shot by Cam Fowler.
7:29 of 3rd period - Shot Blocked by Alexander Edler.
7:31 of 3rd period - Slapshot by Connor Murphy.
7:31 of 3rd period - Deflect By Nolan Patrick.
7:31 of 3rd period - Stopped by Jacob Markstrom with a rebound.
9:22 of 3rd period - Penalty to Tom Wilson is over, Tom Wilson is back on ice.
9:26 of 3rd period - Jack Johnson is hit by Ryan Kesler and loses puck.
9:33 of 3rd period - Wrist shot by Anthony Duclair.
9:33 of 3rd period - Stopped by Jacob Markstrom with a rebound.
9:35 of 3rd period - Slapshot by Justin Falk.
9:35 of 3rd period - Shot Blocked by Jack Johnson.
9:37 of 3rd period - Wrist shot by Ryan Kesler.
9:37 of 3rd period - Shot Misses the Net.
9:39 of 3rd period - Snap shot by Anthony Beauvillier.
9:39 of 3rd period - Stopped by Jacob Markstrom with a rebound.
9:49 of 3rd period - Xavier Ouellet is hit by Milan Lucic and loses puck.
10:01 of 3rd period - Minor Penalty to Jean-Gabriel Pageau for Interference.
10:02 of 3rd period - Elias Lindholm wins face-off versus Sean Monahan in Ducks zone.
11:35 of 3rd period - David Perron is hit by Brady Tkachuk and loses puck.
12:01 of 3rd period - Penalty to Jean-Gabriel Pageau is over, Jean-Gabriel Pageau is back on ice.
12:28 of 3rd period - Snap shot by Pat Maroon.
12:28 of 3rd period - Goal by Pat Maroon - Bruins : 3 - Ducks : 2.
12:29 of 3rd period - Elias Lindholm wins face-off versus Sean Monahan in neutral zone.
12:56 of 3rd period - Icing by Derick Brassard.
12:57 of 3rd period - Derick Brassard wins face-off versus Jordan Staal in Bruins zone.
13:29 of 3rd period - Slapshot by Elias Lindholm.
13:29 of 3rd period - Stopped by Juuse Saros with a rebound.
13:31 of 3rd period - Slapshot by Deryk Engelland.
13:31 of 3rd period - Shot Blocked by Sean Monahan.
13:33 of 3rd period - Slapshot by Deryk Engelland.
13:33 of 3rd period - Stopped by Juuse Saros without a rebound.
13:34 of 3rd period - Jordan Staal wins face-off versus Derick Brassard in Bruins zone.
13:37 of 3rd period - Wrist shot by Craig Smith.
13:37 of 3rd period - Shot Blocked by Cam Fowler.
13:39 of 3rd period - Slapshot by Jack Johnson.
13:39 of 3rd period - Stopped by Juuse Saros without a rebound.
13:40 of 3rd period - Derick Brassard wins face-off versus Jordan Staal in Bruins zone.
14:11 of 3rd period - Slapshot by Craig Smith.
14:11 of 3rd period - Shot Misses the Net.
14:13 of 3rd period - Slapshot by Alexander Edler.
14:13 of 3rd period - Goal by Alexander Edler - Bruins : 3 - Ducks : 3.
14:14 of 3rd period - Elias Lindholm wins face-off versus Sean Monahan in neutral zone.
14:17 of 3rd period - Slapshot by Tom Wilson.
14:17 of 3rd period - Stopped by Juuse Saros without a rebound.
14:18 of 3rd period - Elias Lindholm wins face-off versus Sean Monahan in Bruins zone.
14:33 of 3rd period - Wrist shot by Elias Lindholm.
14:33 of 3rd period - Shot Misses the Net.
15:05 of 3rd period - Minor Penalty to Tom Wilson for Cross-checking.
15:06 of 3rd period - Elias Lindholm wins face-off versus Sean Monahan in Ducks zone.
15:37 of 3rd period - Slapshot by Ondrej Palat.
15:37 of 3rd period - Stopped by Jacob Markstrom without a rebound.
15:38 of 3rd period - Derick Brassard wins face-off versus Riley Nash in Ducks zone.
15:39 of 3rd period - Snap shot by Ondrej Palat.
15:39 of 3rd period - Shot Misses the Net.
16:00 of 3rd period - Wrist shot by Ondrej Palat.
16:00 of 3rd period - Shot Blocked by Jack Johnson.
16:02 of 3rd period - Snap shot by Ondrej Palat.
16:02 of 3rd period - Stopped by Jacob Markstrom without a rebound.
16:03 of 3rd period - Elias Lindholm wins face-off versus Sean Monahan in Ducks zone.
16:12 of 3rd period - Wrist shot by Cam Fowler.
16:12 of 3rd period - Stopped by Jacob Markstrom without a rebound.
16:13 of 3rd period - Jordan Staal wins face-off versus Sean Monahan in Ducks zone.
16:13 of 3rd period - Jordan Staal is hit by Cam Fowler.
17:02 of 3rd period - Anthony Mantha is hit by Deryk Engelland and loses puck.
17:05 of 3rd period - Penalty to Tom Wilson is over, Tom Wilson is back on ice.
17:14 of 3rd period - Nick Leddy is hit by Sean Monahan and loses puck.
17:21 of 3rd period - Snap shot by Sean Monahan.
17:21 of 3rd period - Stopped by Jacob Markstrom with a rebound.
17:25 of 3rd period - Snap shot by Sean Monahan.
17:25 of 3rd period - Stopped by Jacob Markstrom without a rebound.
17:26 of 3rd period - Ryan Kesler wins face-off versus Craig Smith in Ducks zone.
17:38 of 3rd period - Snap shot by Anthony Duclair.
17:38 of 3rd period - Stopped by Jacob Markstrom with a rebound.
17:40 of 3rd period - Wrist shot by Anthony Duclair.
17:40 of 3rd period - Stopped by Jacob Markstrom without a rebound.
17:41 of 3rd period - Trevor Lewis wins face-off versus Brady Tkachuk in Ducks zone.
17:46 of 3rd period - Wrist shot by Elias Lindholm.
17:46 of 3rd period - Stopped by Juuse Saros with a rebound.
18:15 of 3rd period - Snap shot by Ryan Kesler.
18:15 of 3rd period - Goal by Ryan Kesler - Bruins : 4 - Ducks : 3.
18:16 of 3rd period - Ryan Kesler wins face-off versus Trevor Lewis in neutral zone.
18:19 of 3rd period - Snap shot by Anthony Beauvillier.
18:19 of 3rd period - Shot Blocked by Jordan Staal.
18:21 of 3rd period - Slapshot by Connor Murphy.
18:21 of 3rd period - Shot Misses the Net.
19:13 of 3rd period - Nolan Patrick is hit by Tom Wilson.
19:25 of 3rd period - Ducks, Jacob Markstrom is pulled from the net.
19:33 of 3rd period - Tom Wilson is hit by Sean Monahan and loses puck.
19:52 of 3rd period - Slapshot by Sean Monahan.
19:52 of 3rd period - Goal by Sean Monahan - Bruins : 5 - Ducks : 3.
19:52 of 3rd period - Jacob Markstrom from Ducks was sent back in the game.
19:53 of 3rd period - Jean-Gabriel Pageau wins face-off versus Conor Garland in neutral zone.
Goals for this period are 3 for Bruins vs 1 for Ducks.
Shots for this period are 17 for Bruins vs 6 for Ducks.